 Dungeon Crawl Stone Soup version 0.26.0-8-g74fc34ddfb (webtiles) character file.

Game seed: 232125656800312597

3273 trckry the Martial Artist (level 9, -3/67 HPs)
             Began as a Grey Draconian Transmuter on Jan 13, 2021.
             Was an Initiate of Wu Jian.
             Slain by an orc warrior
             ... wielding a +0 glaive
              (15 damage)
             ... on level 8 of the Dungeon.
             The game lasted 00:20:19 (9949 turns).

trckry the Martial Artist (DrTm)                    Turns: 9949, Time: 00:20:20

Health: -3/67      AC: 14    Str: 12    XL:     9   Next: 68%
Magic:  15/15      EV: 13    Int: 17    God:    Wu Jian [......]
Gold:   202        SH:  0    Dex: 12    Spells: 8/17 levels left

rFire    . . .     SeeInvis .     - Unarmed
rCold    . . .     Faith    .   (no shield)
rNeg     . . .     Spirit   .   (armour unavailable)
rPois    .         Reflect  .   (helmet currently unavailable)
rElec    .         Harm     .   b - +0 cloak
rCorr    .         Rampage  .   t - +0 pair of gloves
Will     .....                  (boots currently unavailable)
Stlth    +.........             g - amulet of the acrobat
HPRegen  0.21/turn              (no ring)
MPRegen  0.14/turn              (no ring)

@: appendages (expiring)
A: walk through water, unfitting armour, horns 2, talons 2, unbreathing,
cold-blooded, AC +12
a: End Transformation, Renounce Religion


You were on level 8 of the Dungeon.
You worshipped Wu Jian.
Wu Jian was noncommittal.
You had grown temporary horns.
You had grown temporary talons.
You visited 2 branches of the dungeon, and saw 9 of its levels.

You collected 370 gold pieces.
You spent 168 gold pieces at shops.

Inventory:

Missiles
 d - 42 poisoned darts (quivered)
 r - a throwing net
Armour
 b - a +0 cloak (worn)
 t - a +0 pair of gloves (worn)
Jewellery
 g - an amulet of the acrobat (around neck)
Wands
 e - a wand of paralysis (10)
 h - a wand of disintegration (26)
 o - a wand of iceblast (8)
 p - a wand of enslavement (10)
 q - a wand of flame (9)
Scrolls
 f - 12 scrolls of identify
 i - 4 scrolls of teleportation
 j - 2 scrolls of remove curse
 l - a scroll of fog
 m - 3 scrolls of amnesia
Potions
 a - 6 potions of heal wounds
 c - 7 potions of curing
 k - a potion of invisibility
 n - a potion of flight
 s - 2 potions of mutation
 w - 2 potions of lignification


   Skills:
 + Level 2.2 Fighting
 + Level 2.7 Dodging
 * Level 8.5 Unarmed Combat
 + Level 4.6 Spellcasting
 * Level 2.6 Hexes
 * Level 8.3 Transmutations
 + Level 4.3 Evocations


You had 8 spell levels left.
You knew the following spells:

 Your Spells              Type           Power        Failure   Level
a - Beastly Appendage     Tmut           64%          1%          1
b - Confusing Touch       Hex            13%          14%         3
c - Blade Hands           Tmut           16%          14%         5

Your spell library contained the following spells:

 Spells                   Type           Power        Failure   Level
 Wereblood                Tmut           32%          1%          2
 Corona                   Hex            14%          4%          1
 Spider Form              Tmut/Pois      9%           9%          3
 Ensorcelled Hibernation  Hex/Ice        16%          13%         2
 Tukima's Dance           Hex            13%          14%         3
 Dazzling Flash           Conj/Hex       16%          26%         3
 Ice Form                 Ice/Tmut       18%          26%         4


Dungeon Overview and Level Annotations

Branches:
Dungeon (8/15)             Temple (1/1) D:7
   Lair: D:8-11

Altars:
Ashenzari
Cheibriados
Dithmenos
Elyvilon
Fedhas
Gozag
Hepliaklqana
Kikubaaqudgha
Makhleb
Nemelex Xobeh
Qazlal
Ru
Sif Muna
Trog
Uskayaw
Vehumet
Wu Jian
Xom
Yredelemnul
Zin
The Shining One

Shops:
D:5 *   D:8 *


Innate Abilities, Weirdness & Mutations

You can walk through water.
Your dull iron-grey scales are very hard. (AC +12)
You cannot fit into any form of body armour.
You can survive without breathing.
You are cold-blooded and may be slowed by cold attacks.
You have a pair of horns on your head.
You have razor-sharp toenails.


Message History

Your tail-slap misses the orc wizard.
You hit the orc wizard but do no damage.
You claw the orc wizard, but do no damage.
You tail-slap the orc wizard, but do no damage.
The orc wizard barely misses you.
The orc wizard hits you but does no damage.
You punch the orc wizard! Your kick misses the orc wizard.
The orc wizard is severely wounded.
The orc wizard closely misses you.
You hit the orc wizard but do no damage.
You claw the orc wizard.
The orc wizard is almost dead.
The orc wizard hits you with a cursed +0 dagger.
* * * LOW HITPOINT WARNING * * *
The orc wizard hits you but does no damage.
You hit the orc wizard.
You kill the orc wizard!
The Council accepts your kill.
The orc warrior hits you from afar with a +0 glaive!
You die...

P.. ####....#### ≈
#....###. ###.##...#.
#...####.#. + #.### #...
#. #.# #####.. #..
######.###......
#..######((....#...####.
#....oo@)((......### #.
###....o###.######## ###<
........###.# ###...
..........oo#########...##
..........................
.##........###############
#.....#### #.....# #.....#


You could see an orc warrior, an orc priest and an orc wizard.

Vanquished Creatures
  A two-headed ogre (D:8)
  Edmund (D:5)
  Menkaure (D:5)
  Duvessa (D:5)
  An orc warrior (D:6)
  An ice beast (D:7)
  2 sky beasts
  2 phantoms
  4 ogres
  A centaur (D:5)
  5 bullfrogs
  Dowan (D:5)
  A scorpion (D:5)
  A howler monkey (D:4)
  2 quasits
  A bullfrog zombie (D:7)
  2 jellies
  A hound (D:4)
  3 orc wizards
  Ijyb (D:5)
  An orc priest (D:5)
  A centaur skeleton (D:7)
  2 gnoll shamans
  2 iguanas
  Jessica (D:2)
  Natasha (thrice) (D:2)
  3 worker ants
  7 gnolls
  11 adders
  2 shadow imps
  A white imp (D:6)
  2 oozes
  An adder zombie (D:6)
  An adder skeleton (D:7)
  2 worms
  2 dart slugs (D:1)
  6 leopard geckos
  16 orcs
  A ball python (D:7)
  2 giant cockroaches
  4 goblins
  3 hobgoblins
  5 jackals
  3 kobolds
  A quokka (D:4)
  2 bats
  4 frilled lizards
  A quokka skeleton (D:8)
  5 rats
128 creatures vanquished.

Vanquished Creatures (others)
  7 plants (D:4)
7 creatures vanquished.

Grand Total: 135 creatures vanquished

Notes
Turn   | Place    | Note
-------+----------+-------------------------------------------
     0 | D:1      | trckry the Draconian Transmuter began the quest for the
                  | Orb.
     0 | D:1      | Reached XP level 1. HP: 16/16 MP: 3/3
   328 | D:1      | Reached XP level 2. HP: 23/23 MP: 3/5
   524 | D:2      | Noticed Natasha
   530 | D:2      | Noticed a crimson imp
   543 | D:2      | Killed Natasha
   544 | D:2      | Reached XP level 3. HP: 16/28 MP: 4/6
  1065 | D:2      | Noticed Jessica
  1073 | D:2      | Killed Jessica
  1074 | D:2      | Reached XP level 4. HP: 30/35 MP: 5/7
  1484 | D:2      | Noticed Natasha
  1496 | D:2      | Killed Natasha
  1617 | D:2      | Noticed Natasha
  1625 | D:2      | Killed Natasha
  2367 | D:3      | Reached XP level 5. HP: 40/40 MP: 6/8
  2809 | D:3      | Found a bloodstained altar of Trog.
  3178 | D:3      | Found a white marble altar of Elyvilon.
  3243 | D:3      | Found a basalt altar of Yredelemnul.
  3495 | D:4      | Reached skill level 5 in Unarmed Combat
  3690 | D:4      | Reached XP level 6. HP: 34/47 MP: 7/9
  4068 | D:4      | HP: 3/47 [ogre/+0 giant spiked club (20)]
  4109 | D:4      | Reached skill level 5 in Transmutations
  4109 | D:4      | Reached skill level 1 in Evocations
  4643 | D:4      | Your scales start taking on a dull iron-grey colour.
  4643 | D:4      | Reached XP level 7. HP: 18/52 MP: 10/10
  4643 | D:4      | Gained mutation: You can survive without breathing. [Grey
                  | Draconian growth]
  4891 | D:4      | You fall into a shaft and drop 3 floors!
  5093 | D:5      | Entered Level 5 of the Dungeon
  5151 | D:5      | Noticed Ijyb
  5166 | D:5      | Killed Ijyb
  5202 | D:5      | Noticed Dowan
  5209 | D:5      | Noticed Duvessa
  5241 | D:5      | Killed Duvessa
  5242 | D:5      | Killed Dowan
  5243 | D:5      | Reached XP level 8. HP: 26/59 MP: 12/12
  6079 | D:5      | Noticed Edmund
  6554 | D:5      | Killed Edmund
  6749 | D:5      | Found Xatoacou's General Store.
  6756 | D:5      | Bought a potion of mutation for 96 gold pieces
  6756 | D:5      | Bought a scroll of teleportation for 36 gold pieces
  6756 | D:5      | Bought a potion of curing for 36 gold pieces
  6783 | D:5      | Found a shimmering blue altar of Sif Muna.
  6784 | D:5      | Noticed Menkaure
  6790 | D:5      | Killed Menkaure
  7765 | D:6      | Learned a level 3 spell: Confusing Touch
  7771 | D:6      | Learned a level 5 spell: Blade Hands
  7978 | D:6      | Reached XP level 9. HP: 64/64 MP: 13/15
  8601 | D:6      | Reached skill level 1 in Hexes
  9045 | D:7      | Found a staircase to the Ecumenical Temple.
  9069 | Temple   | Entered the Ecumenical Temple
  9543 | Temple   | Became a worshipper of the Wu Jian Council
  9640 | D:8      | Noticed a two-headed ogre
  9657 | D:8      | Killed a two-headed ogre
  9863 | D:8      | Found Sintepn's Assorted Antiques.
  9871 | D:8      | Found a radiant altar of Vehumet.
  9871 | D:8      | Found a shadowy altar of Dithmenos.
  9880 | D:8      | Found a snail-covered altar of Cheibriados.
  9949 | D:8      | Slain by an orc warrior

Illustrated notes

Levels and vault maps discovered:
D:1:      lightli_arrival_statuegarden, layout_rooms
D:2:      layout_basic, nrook_loot_triangle, item_on_display_a, uniq_natasha,
          uniq_jessica
D:3:      layout_basic, kennysheep_ying_yang, bloody_trog
D:4:      layout_loops_ring, hangedman_abyss_or_decor_jellyfish_corner,
          minmay_lizard_king
D:5:      layout_gridville, serial_shops, shop, basic_altar, uniq_duvessa,
          uniq_menkaure, uniq_ijyb, uniq_edmund
D:6:      layout_gridville
D:7:      layout_basic, minmay_temple_entry_crystal_x, serial_glass,
          glass_columns_a, glass_columns_a
D:8:      kennysheep_steamy, layout_rooms, marbit_many_paths,
          gammafunk_temple_overflow_forgotten, serial_shops, shop,
          minmay_quadrilaterals
Temple:   nicolae_temple_no_exploring_needed

Skill      XL: |  1  2  3  4  5  6  7  8  9 |
---------------+----------------------------+-----
Transmutations | 3 4 5 6 7 8 |  8.3
Unarmed Combat | 4 5 6 7 8 |  8.5
Evocations     | 1 2 3 4 |  4.3
Spellcasting   | 3 4 |  4.6
Dodging        | 2 |  2.7
Hexes          | 2 |  2.6
Fighting       | 2 |  2.2

Action                   |  1- 3 |  4- 6 |  7- 9 || total
-------------------------+-------+-------+-------++-------
Melee: Unarmed           |    56 |   150 |   409 ||   615
       Kick              |     7 |    24 |    80 ||   111
       Headbutt          |     3 |    10 |    44 ||    57
       Tailslap          |     5 |    10 |    46 ||    61
       Punch             |     2 |     2 |    12 ||    16
Throw: Dart              |     1 |     9 |     6 ||    16
 Cast: Beastly Appendage |    13 |    22 |    38 ||    73
Invok: Lunge             |       |       |     7 ||     7
Evoke: Wand              |       |     1 |     3 ||     4
  Use: Potion            |       |     5 |     2 ||     7
       Scroll            |       |       |     7 ||     7
 Stab: Sleeping          |       |     1 |       ||     1
       Paralysed         |       |       |     7 ||     7
       Distracted        |       |       |     1 ||     1
Armor: Skin              |    11 |    25 |   161 ||   197
Dodge: Dodged            |    36 |    71 |   278 ||   385
